Golden Knights vs Rangers

Created - 20 novembre 2023 at 20:05

Goals
1 2 3 OT1 SO T
Golden Knights 0 1 1 0 0 2
Rangers 0 2 0 0 1 3
Shots
1 2 3 OT1 SO T
Golden Knights 8 10 5 5 4 28
Rangers 13 13 10 0 4 36

GoalsPenalties
1st period
No Goal
2nd period
1. Rangers , Kyle Connor 8 (Chandler Stephenson 11, Roope Hintz 11) at 5:02
2. Rangers , Tyler Motte 4 (Adam Ruzicka 4, David Kampf 5) at 9:24
3. Golden Knights , Ryan Pulock 1 (Blake Coleman 5) at 12:27
3rd period
4. Golden Knights , Tyler Johnson 4 (Nick Leddy 3, Connor Hellebuyck) at 17:33
Blake Coleman (VGK) for High sticking (Minor) at 1:49
Overtime #1
No Goal
Shootout
Golden Knights, Evgeni Malkin - Stopped by Frederik Andersen
Rangers, Nazem Kadri - Shot Misses the Net
Golden Knights, Brock Boeser - Stopped by Frederik Andersen
Rangers, Roope Hintz - Stopped by Connor Hellebuyck
Golden Knights, Matthew Boldy - Shot Misses the Net
Rangers, David Kampf - Stopped by Connor Hellebuyck
Golden Knights, Tyler Johnson - Stopped by Frederik Andersen
Rangers, Kyle Connor - Goal!
Goalie Stats
Connor Hellebuyck (VGK), 34 saves from 36 shots - (0,944), OTL, 9-3-2, 65:00 minutes
Frederik Andersen (NYR), 26 saves from 28 shots - (0,929), W, 9-2-2, 65:00 minutes
3 StarsOfficial
1 - Tyler Motte (NYR)
2 - Kyle Connor (NYR)
3 - Connor Hellebuyck (VGK)
Referees : Troy Paterson and Furman South
Linesman : Derek Nansen and Travis Toomey
Game Note
No Game Note
Finance
Level 1 -- Attendance: 5566 (92,77%) -- Ticket Income $556,600
Level 2 -- Attendance: 5000 (100,00%) -- Ticket Income $300,000
Level 3 -- Attendance: 2000 (100,00%) -- Ticket Income $70,000
Level 4 -- Attendance: 3948 (98,70%) -- Ticket Income $78,960
Luxury Box -- Attendance: 939 (93,90%) -- Ticket Income $187,800
Game was played at the Blue Shirt Stadium.
Total Attendance: 17453 (96,96%)
Total Ticket Income: $1,193,360
Other Income: $584,746
Total Income: $1,778,106



Team Name Goals Shots Shots Attemp Shots Blocked PIM HIT PP PK FO%
Golden Knights 22861152180 / 0 (0,00%053%
Rangers 33671130230 / 1 (0%)047%

Golden Knights
Player Name POS G A P +/- PIM HIT SHT SB MP PP MP PP SHT PK MP PK SHT FO% FOT GA TA
Adam BoqvistD0000002214:040:0000:0000% 001
Blake ColemanC/LW/RW0111222020:250:0000:0000% 110
Brock BoeserRW0001013020:220:0000:590100% 111
Derek StepanC/LW/RW000-1000111:410:0000:00050% 200
Evgeni MalkinC/LW/RW0001024020:080:0000:18053% 3410
Gustav LindstromD000001106:550:0000:0000% 000
Jacob BrysonD0000002111:310:0000:0000% 001
Jake EvansC/RW000-1001010:380:0000:59067% 300
Jaycob MegnaD0000020326:350:0000:4500% 001
Joel KivirantaLW/RW000-101209:530:0000:0000% 110
Johnathan KovacevicD0000020419:400:0000:4500% 000
Mackenzie MacEachernLW000-101109:390:0000:0000% 000
Matthew BoldyLW/RW0001011020:020:0000:4200% 100
Nic DowdC0001033120:160:0000:00054% 1320
Nick LeddyD0110001022:160:0001:1400% 000
Ondrej PalatLW/RW0001002118:490:0000:000100% 100
Phil KesselRW000-1001012:290:0000:1800% 000
Ryan PulockD1010011123:590:0001:1400% 000
Tyler JohnsonC/LW/RW101-1011113:380:0000:4200% 010
Rangers
Player Name POS G A P +/- PIM HIT SHT SB MP PP MP PP SHT PK MP PK SHT FO% FOT GA TA
Adam PelechD0000051123:350:0000:0000% 001
Adam RuzickaC/LW/RW011100007:530:0000:0000% 100
Alexander BarabanovLW/RW0000023020:160:4800:0000% 000
Arthur KaliyevLW/RW000-2010013:040:0800:0000% 000
Carter VerhaegheC/LW0000001220:140:4800:000100% 122
Chandler StephensonC/LW/RW0111022120:321:0300:00057% 2101
Dakota JoshuaC/LW000100107:530:0000:0000% 000
David KampfC/RW011-2013113:320:0800:00033% 600
Dylan SambergD0001022313:030:0000:0000% 000
Erik KarlssonD0000013123:380:5000:0000% 000
Kyle ConnorC/LW1011015222:301:0300:0000% 100
Nazem KadriC/LW/RW0000023120:490:4800:00042% 2600
Nick JensenD000-1001025:141:0900:0000% 002
Noah DobsonD0001001013:561:0900:0000% 000
Philip TomasinoC/LW/RW000-2023013:330:0000:000100% 111
Rasmus AnderssonD000-1011025:340:5000:0000% 010
Roope HintzC/LW/RW0111004121:121:0300:0000% 000
Tyler MotteC/LW/RW101103208:320:0800:0000% 000

Golden Knights

5 vs 5 Forward
Line #Left WingCenterRight WingPHYDFOFWanted %Time %Time Play
1Matthew BoldyEvgeni MalkinBrock Boeser0233632%18:17
2Blake ColemanNic DowdOndrej Palat0233432%18:24
3Tyler JohnsonDerek StepanPhil Kessel0321720%11:41
4Mackenzie MacEachernJake EvansJoel Kiviranta0321317%9:39
5 vs 5 Defense
Line #DefenseDefensePHYDFOFWanted %Time %Time Play
1Nick LeddyRyan Pulock0233736%21:02
2Jaycob MegnaJohnathan Kovacevic0233333%18:55
3Adam BoqvistJacob Bryson0321719%11:09
4Gustav LindstromJaycob Megna0321312%6:55
Power Play Forward
Line #Left WingCenterRight WingPHYDFOFWanted %Time %Time Play
1Matthew BoldyEvgeni MalkinBrock Boeser023550%0:00
2Blake ColemanNic DowdOndrej Palat023450%0:00
Power Play Defense
Line #DefenseDefensePHYDFOFWanted %Time %Time Play
1Nick LeddyRyan Pulock023550%0:00
2Jaycob MegnaJohnathan Kovacevic023450%0:00
Penalty Kill 4 Players Forward
Line #CenterWingPHYDFOFWanted %Time %Time Play
1Jake EvansBrock Boeser0325665%1:17
2Matthew BoldyTyler Johnson0324435%0:42
Penalty Kill 4 Players Defense
Line #DefenseDefensePHYDFOFWanted %Time %Time Play
1Nick LeddyRyan Pulock0325562%1:14
2Jaycob MegnaJohnathan Kovacevic0324538%0:45
Penalty Kill 3 Players
Line #WingPHYDFOFWanted %Time %Time PlayDefenseDefensePHYDFOFWanted %Time %Time Play
1Jake Evans122550%0:00 Gustav LindstromJohnathan Kovacevic122550%0:00
2Nic Dowd122450%0:00 Jaycob MegnaJohnathan Kovacevic122450%0:00
4 vs 4 Forward
Line #CenterWingPHYDFOFWanted %Time %Time Play
1Evgeni MalkinBrock Boeser022550%0:00
2Matthew BoldyTyler Johnson122450%0:00
4 vs 4 Defense
Line #DefensePHYDFOFWanted %Time %Time Play
1Nick LeddyRyan Pulock023550%0:00
2Jaycob MegnaJohnathan Kovacevic032450%0:00
Last Minutes Offensive
Left WingCenterRight WingDefenseDefense
Matthew BoldyEvgeni MalkinBrock BoeserAdam BoqvistRyan Pulock
Last Minutes Defensive
Left WingCenterRight WingDefenseDefense
Matthew BoldyEvgeni MalkinBrock BoeserJohnathan KovacevicJaycob Megna
Time
Total ForwardTotal DefenseLast Minutes OffensiveLast Minutes Defensive
60:00 60:00 0:000:00
Extra Forwards
Normal PowerPlayPenalty Kill
Joel Kiviranta, Nic Dowd, Phil KesselOndrej Palat, Nic DowdPhil Kessel
Extra Defensemen
Normal PowerPlayPenalty Kill
Ryan Pulock, Jacob Bryson, Adam BoqvistAdam Boqvist, Jacob BrysonGustav Lindstrom
Penalty Shots
Evgeni Malkin, Brock Boeser, Matthew Boldy, Tyler Johnson, Blake Coleman
Goalie
Connor Hellebuyck, Lukas Dostal
Custom OT Lines Forwards
Evgeni Malkin, Brock Boeser, Matthew Boldy, Tyler Johnson, Blake Coleman, Nic Dowd, Ondrej Palat, Phil Kessel, Jake Evans, Derek Stepan
Custom OT Lines Defensemen
Adam Boqvist, Ryan Pulock, Jaycob Megna, Johnathan Kovacevic, Gustav Lindstrom
Scratches
None

Rangers

5 vs 5 Forward
Line #Left WingCenterRight WingPHYDFOFWanted %Time %Time Play
1Kyle ConnorChandler StephensonRoope Hintz0143634%19:51
2Carter VerhaegheNazem KadriAlexander Barabanov0143430%17:33
3Philip TomasinoDavid KampfArthur Kaliyev0232322%12:44
4Dakota JoshuaAdam RuzickaTyler Motte041714%7:53
5 vs 5 Defense
Line #DefenseDefensePHYDFOFWanted %Time %Time Play
1Erik KarlssonAdam Pelech0414039%22:29
2Rasmus AnderssonNick Jensen0414039%22:35
3Noah DobsonDylan Samberg0412021%11:58
4Nick JensenAdam Pelech04102%0:59
Power Play Forward
Line #Left WingCenterRight WingPHYDFOFWanted %Time %Time Play
1Kyle ConnorChandler StephensonRoope Hintz0145560%1:11
2Carter VerhaegheNazem KadriAlexander Barabanov0144540%0:48
Power Play Defense
Line #DefenseDefensePHYDFOFWanted %Time %Time Play
1Erik KarlssonRasmus Andersson0236042%0:50
2Nick JensenNoah Dobson0234058%1:09
Penalty Kill 4 Players Forward
Line #CenterWingPHYDFOFWanted %Time %Time Play
1David KampfTyler Motte050600%0:00
2Chandler StephensonDakota Joshua050400%0:00
Penalty Kill 4 Players Defense
Line #DefenseDefensePHYDFOFWanted %Time %Time Play
1Adam PelechNick Jensen050600%0:00
2Erik KarlssonRasmus Andersson050400%0:00
Penalty Kill 3 Players
Line #WingPHYDFOFWanted %Time %Time PlayDefenseDefensePHYDFOFWanted %Time %Time Play
1David Kampf050600%0:00 Adam PelechNick Jensen050600%0:00
2Chandler Stephenson050400%0:00 Erik KarlssonRasmus Andersson050400%0:00
4 vs 4 Forward
Line #CenterWingPHYDFOFWanted %Time %Time Play
1Nazem KadriRoope Hintz032550%0:00
2Chandler StephensonKyle Connor032450%0:00
4 vs 4 Defense
Line #DefensePHYDFOFWanted %Time %Time Play
1Nick JensenRasmus Andersson032600%0:00
2Adam PelechErik Karlsson032400%0:00
Last Minutes Offensive
Left WingCenterRight WingDefenseDefense
Kyle ConnorChandler StephensonRoope HintzErik KarlssonRasmus Andersson
Last Minutes Defensive
Left WingCenterRight WingDefenseDefense
Tyler MotteDavid KampfDakota JoshuaAdam PelechNick Jensen
Time
Total ForwardTotal DefenseLast Minutes OffensiveLast Minutes Defensive
60:00 60:00 0:000:00
Extra Forwards
Normal PowerPlayPenalty Kill
Nazem Kadri, Roope Hintz, Chandler StephensonCarter Verhaeghe, Chandler StephensonRoope Hintz
Extra Defensemen
Normal PowerPlayPenalty Kill
Adam Pelech, Nick Jensen, Erik KarlssonNoah Dobson, Erik KarlssonNick Jensen
Penalty Shots
Nazem Kadri, Roope Hintz, David Kampf, Kyle Connor, Chandler Stephenson
Goalie
Frederik Andersen, Philipp Grubauer
Custom OT Lines Forwards
Kyle Connor, Nazem Kadri, Carter Verhaeghe, Alexander Barabanov, Roope Hintz, Philip Tomasino, Chandler Stephenson, David Kampf, Arthur Kaliyev, Tyler Motte
Custom OT Lines Defensemen
Rasmus Andersson, Nick Jensen, Adam Pelech, Erik Karlsson, Noah Dobson
Scratches
Jordan Oesterle (Healthy), Ben Harpur (Healthy), Sheldon Dries (Healthy)


Play-by-Play

1st period


0:01 of 1st period - Chandler Stephenson wins face-off versus Matthew Boldy in neutral zone.
1:18 of 1st period - Snap shot by Adam Ruzicka.
1:18 of 1st period - Shot Misses the Net.
2:40 of 1st period - Snap shot by Adam Ruzicka.
2:40 of 1st period - Shot Blocked by Jacob Bryson.
2:42 of 1st period - Slapshot by Dylan Samberg.
2:42 of 1st period - Shot Blocked by Adam Boqvist.
2:44 of 1st period - Wrist shot by Dakota Joshua.
2:44 of 1st period - Stopped by Connor Hellebuyck with a rebound.
3:12 of 1st period - Icing by Nick Jensen.
3:13 of 1st period - Evgeni Malkin wins face-off versus Chandler Stephenson in Rangers zone.
3:28 of 1st period - Snap shot by Matthew Boldy.
3:28 of 1st period - Shot Misses the Net.
4:58 of 1st period - Wrist shot by Adam Ruzicka.
4:58 of 1st period - Shot Misses the Net.
5:02 of 1st period - Snap shot by Alexander Barabanov.
5:02 of 1st period - Stopped by Connor Hellebuyck without a rebound.
5:03 of 1st period - Nic Dowd wins face-off versus Nazem Kadri in Golden Knights zone.
5:25 of 1st period - Snap shot by Alexander Barabanov.
5:25 of 1st period - Shot Misses the Net.
5:47 of 1st period - Snap shot by Nic Dowd.
5:47 of 1st period - Stopped by Frederik Andersen without a rebound.
5:48 of 1st period - Evgeni Malkin wins face-off versus Chandler Stephenson in Rangers zone.
5:49 of 1st period - Snap shot by Brock Boeser.
5:49 of 1st period - Stopped by Frederik Andersen with a rebound.
6:28 of 1st period - David Kampf is hit by Tyler Johnson and loses puck.
6:44 of 1st period - Off-side.
6:45 of 1st period - Nazem Kadri wins face-off versus Evgeni Malkin in neutral zone.
7:10 of 1st period - Ondrej Palat is hit by Dylan Samberg.
7:36 of 1st period - Wrist shot by Jake Evans.
7:36 of 1st period - Shot Misses the Net.
7:38 of 1st period - Wrist shot by Mackenzie MacEachern.
7:38 of 1st period - Stopped by Frederik Andersen with a rebound.
8:33 of 1st period - Rasmus Andersson is hit by Nic Dowd and loses puck.
8:38 of 1st period - Snap shot by Ondrej Palat.
8:38 of 1st period - Shot Misses the Net.
8:40 of 1st period - Snap shot by Nic Dowd.
8:40 of 1st period - Stopped by Frederik Andersen with a rebound.
8:42 of 1st period - Wrist shot by Blake Coleman.
8:42 of 1st period - Shot Hit the Post.
9:00 of 1st period - Wrist shot by Philip Tomasino.
9:00 of 1st period - Stopped by Connor Hellebuyck without a rebound.
9:01 of 1st period - Evgeni Malkin wins face-off versus Nazem Kadri in Golden Knights zone.
9:01 of 1st period - Evgeni Malkin is hit by Nazem Kadri.
9:09 of 1st period - Wrist shot by Evgeni Malkin.
9:09 of 1st period - Stopped by Frederik Andersen with a rebound.
9:27 of 1st period - Kyle Connor is hit by Nic Dowd.
9:33 of 1st period - Roope Hintz is hit by Nic Dowd and loses puck.
9:55 of 1st period - Icing by Nic Dowd.
9:56 of 1st period - Nic Dowd wins face-off versus Adam Ruzicka in Golden Knights zone.
10:23 of 1st period - Nick Leddy is hit by Adam Pelech.
10:27 of 1st period - Snap shot by Alexander Barabanov.
10:27 of 1st period - Stopped by Connor Hellebuyck without a rebound.
10:28 of 1st period - Chandler Stephenson wins face-off versus Evgeni Malkin in Golden Knights zone.
10:33 of 1st period - Snap shot by Roope Hintz.
10:33 of 1st period - Stopped by Connor Hellebuyck with a rebound.
10:41 of 1st period - Snap shot by Roope Hintz.
10:41 of 1st period - Shot Blocked by Johnathan Kovacevic.
10:55 of 1st period - Alexander Barabanov is hit by Jaycob Megna and loses puck.
11:02 of 1st period - Wrist shot by Phil Kessel.
11:02 of 1st period - Shot Misses the Net.
11:16 of 1st period - Slapshot by Erik Karlsson.
11:16 of 1st period - Stopped by Connor Hellebuyck with a rebound.
11:18 of 1st period - Wrist shot by Dakota Joshua.
11:18 of 1st period - Shot Blocked by Ryan Pulock.
11:20 of 1st period - Slapshot by Dakota Joshua.
11:20 of 1st period - Shot Misses the Net.
11:22 of 1st period - Wrist shot by Tyler Motte.
11:22 of 1st period - Stopped by Connor Hellebuyck with a rebound.
11:32 of 1st period - Dakota Joshua is hit by Joel Kiviranta and loses puck.
11:43 of 1st period - Slapshot by Erik Karlsson.
11:43 of 1st period - Stopped by Connor Hellebuyck with a rebound.
11:45 of 1st period - Slapshot by Adam Pelech.
11:45 of 1st period - Stopped by Connor Hellebuyck without a rebound.
11:46 of 1st period - Chandler Stephenson wins face-off versus Nic Dowd in Golden Knights zone.
11:53 of 1st period - Snap shot by Kyle Connor.
11:53 of 1st period - Stopped by Connor Hellebuyck with a rebound.
14:00 of 1st period - Slapshot by Kyle Connor.
14:00 of 1st period - Shot Misses the Net.
14:02 of 1st period - Wrist shot by Roope Hintz.
14:02 of 1st period - Deflect By Chandler Stephenson.
14:02 of 1st period - Shot Misses the Net.
14:02 of 1st period - Puck is out of play.
14:03 of 1st period - Evgeni Malkin wins face-off versus Chandler Stephenson in Golden Knights zone.
14:07 of 1st period - Off-side.
14:08 of 1st period - Evgeni Malkin wins face-off versus Chandler Stephenson in neutral zone.
14:21 of 1st period - Wrist shot by Brock Boeser.
14:21 of 1st period - Shot Blocked by Dylan Samberg.
14:23 of 1st period - Backhand shot by Jacob Bryson.
14:23 of 1st period - Stopped by Frederik Andersen with a rebound.
14:37 of 1st period - Snap shot by Ondrej Palat.
14:37 of 1st period - Shot Misses the Net.
14:39 of 1st period - Backhand shot by Nic Dowd.
14:39 of 1st period - Shot Misses the Net.
14:41 of 1st period - Slapshot by Jacob Bryson.
14:41 of 1st period - Shot Blocked by Dylan Samberg.
14:43 of 1st period - Backhand shot by Ondrej Palat.
14:43 of 1st period - Stopped by Frederik Andersen with a rebound.
15:19 of 1st period - Snap shot by Mackenzie MacEachern.
15:19 of 1st period - Shot Misses the Net.
15:21 of 1st period - Wrist shot by Joel Kiviranta.
15:21 of 1st period - Stopped by Frederik Andersen without a rebound.
15:22 of 1st period - Evgeni Malkin wins face-off versus Chandler Stephenson in Rangers zone.
15:39 of 1st period - Snap shot by Chandler Stephenson.
15:39 of 1st period - Stopped by Connor Hellebuyck with a rebound.
15:57 of 1st period - Nick Leddy is hit by Adam Pelech and loses puck.
16:38 of 1st period - Slapshot by Erik Karlsson.
16:38 of 1st period - Shot Blocked by Johnathan Kovacevic.
16:40 of 1st period - Backhand shot by Philip Tomasino.
16:40 of 1st period - Shot Misses the Net.
16:46 of 1st period - Snap shot by Philip Tomasino.
16:46 of 1st period - Stopped by Connor Hellebuyck without a rebound.
16:47 of 1st period - Evgeni Malkin wins face-off versus Chandler Stephenson in Golden Knights zone.
16:56 of 1st period - Slapshot by Kyle Connor.
16:56 of 1st period - Shot Misses the Net.
16:58 of 1st period - Wrist shot by Nick Jensen.
16:58 of 1st period - Stopped by Connor Hellebuyck without a rebound.
16:59 of 1st period - Evgeni Malkin wins face-off versus Nazem Kadri in Golden Knights zone.
18:04 of 1st period - Nick Jensen is hit by Ryan Pulock and loses puck.
18:19 of 1st period - Nick Jensen is hit by Matthew Boldy.
Goals for this period are 0 for Golden Knights vs 0 for Rangers.
Shots for this period are 8 for Golden Knights vs 13 for Rangers.

2nd period


0:01 of 2nd period - Chandler Stephenson wins face-off versus Evgeni Malkin in neutral zone.
0:30 of 2nd period - Off-side.
0:31 of 2nd period - Nazem Kadri wins face-off versus Nic Dowd in neutral zone.
0:53 of 2nd period - Snap shot by Kyle Connor.
0:53 of 2nd period - Stopped by Connor Hellebuyck without a rebound.
0:54 of 2nd period - Evgeni Malkin wins face-off versus Chandler Stephenson in Golden Knights zone.
1:09 of 2nd period - Snap shot by Evgeni Malkin.
1:09 of 2nd period - Stopped by Frederik Andersen without a rebound.
1:10 of 2nd period - Nic Dowd wins face-off versus Nazem Kadri in Rangers zone.
1:15 of 2nd period - Wrist shot by Ondrej Palat.
1:15 of 2nd period - Deflect By Nic Dowd.
1:15 of 2nd period - Shot Blocked by Adam Pelech.
1:15 of 2nd period - Puck is out of play.
1:16 of 2nd period - Nic Dowd wins face-off versus Nazem Kadri in Rangers zone.
1:45 of 2nd period - Slapshot by Erik Karlsson.
1:45 of 2nd period - Shot Misses the Net.
1:47 of 2nd period - Slapshot by David Kampf.
1:47 of 2nd period - Shot Blocked by Nic Dowd.
1:49 of 2nd period - Snap shot by David Kampf.
1:49 of 2nd period - Shot Misses the Net.
1:51 of 2nd period - Snap shot by David Kampf.
1:51 of 2nd period - Shot Misses the Net.
1:53 of 2nd period - Wrist shot by David Kampf.
1:53 of 2nd period - Stopped by Connor Hellebuyck with a rebound.
2:07 of 2nd period - Wrist shot by Evgeni Malkin.
2:07 of 2nd period - Shot Misses the Net.
2:29 of 2nd period - Wrist shot by Mackenzie MacEachern.
2:29 of 2nd period - Deflect By Jake Evans.
2:29 of 2nd period - Stopped by Frederik Andersen without a rebound.
2:30 of 2nd period - Jake Evans wins face-off versus Nazem Kadri in Rangers zone.
2:43 of 2nd period - Nick Leddy is hit by Nazem Kadri.
2:55 of 2nd period - Brock Boeser is hit by Arthur Kaliyev.
3:19 of 2nd period - Snap shot by Adam Ruzicka.
3:19 of 2nd period - Shot Misses the Net.
3:41 of 2nd period - Snap shot by Ondrej Palat.
3:41 of 2nd period - Shot Blocked by Chandler Stephenson.
4:05 of 2nd period - Slapshot by Phil Kessel.
4:05 of 2nd period - Stopped by Frederik Andersen with a rebound.
4:07 of 2nd period - Wrist shot by Jacob Bryson.
4:07 of 2nd period - Stopped by Frederik Andersen with a rebound.
4:09 of 2nd period - Slapshot by Adam Boqvist.
4:09 of 2nd period - Shot Misses the Net.
4:19 of 2nd period - Joel Kiviranta is hit by Philip Tomasino and loses puck.
5:02 of 2nd period - Slapshot by Kyle Connor.
5:02 of 2nd period - Goal by Kyle Connor - Golden Knights : 0 - Rangers : 1.
5:03 of 2nd period - Carter Verhaeghe wins face-off versus Evgeni Malkin in neutral zone.
5:35 of 2nd period - Nic Dowd is hit by Chandler Stephenson and loses puck.
6:14 of 2nd period - Snap shot by Philip Tomasino.
6:14 of 2nd period - Deflect By Evgeni Malkin.
6:14 of 2nd period - Shot Blocked by Jaycob Megna.
6:14 of 2nd period - Puck is out of play.
6:15 of 2nd period - Evgeni Malkin wins face-off versus David Kampf in Golden Knights zone.
6:46 of 2nd period - Wrist shot by Carter Verhaeghe.
6:46 of 2nd period - Stopped by Connor Hellebuyck with a rebound.
6:48 of 2nd period - Slapshot by Dylan Samberg.
6:48 of 2nd period - Shot Blocked by Adam Boqvist.
6:50 of 2nd period - Snap shot by Alexander Barabanov.
6:50 of 2nd period - Stopped by Connor Hellebuyck without a rebound.
6:51 of 2nd period - Chandler Stephenson wins face-off versus Evgeni Malkin in Golden Knights zone.
7:35 of 2nd period - Off-side.
7:36 of 2nd period - Derek Stepan wins face-off versus David Kampf in neutral zone.
8:05 of 2nd period - Wrist shot by Evgeni Malkin.
8:05 of 2nd period - Stopped by Frederik Andersen with a rebound.
8:28 of 2nd period - Slapshot by Alexander Barabanov.
8:28 of 2nd period - Deflect By Ondrej Palat.
8:28 of 2nd period - Shot Blocked by Johnathan Kovacevic.
8:28 of 2nd period - Puck is out of play.
8:29 of 2nd period - Nic Dowd wins face-off versus Nazem Kadri in Golden Knights zone.
8:43 of 2nd period - Snap shot by Blake Coleman.
8:43 of 2nd period - Shot Blocked by Erik Karlsson.
8:45 of 2nd period - Slapshot by Nick Leddy.
8:45 of 2nd period - Stopped by Frederik Andersen with a rebound.
8:55 of 2nd period - Brock Boeser is hit by Adam Pelech and loses puck.
9:24 of 2nd period - Snap shot by Tyler Motte.
9:24 of 2nd period - Goal by Tyler Motte - Golden Knights : 0 - Rangers : 2.
9:25 of 2nd period - Chandler Stephenson wins face-off versus Evgeni Malkin in neutral zone.
9:28 of 2nd period - Evgeni Malkin is hit by Erik Karlsson.
10:11 of 2nd period - Snap shot by Kyle Connor.
10:11 of 2nd period - Shot Misses the Net.
10:37 of 2nd period - Slapshot by Roope Hintz.
10:37 of 2nd period - Shot Blocked by Jaycob Megna.
10:39 of 2nd period - Slapshot by Erik Karlsson.
10:39 of 2nd period - Stopped by Connor Hellebuyck with a rebound.
11:09 of 2nd period - Snap shot by Kyle Connor.
11:09 of 2nd period - Stopped by Connor Hellebuyck without a rebound.
11:10 of 2nd period - Evgeni Malkin wins face-off versus Nazem Kadri in Golden Knights zone.
11:25 of 2nd period - Snap shot by Brock Boeser.
11:25 of 2nd period - Stopped by Frederik Andersen without a rebound.
11:26 of 2nd period - David Kampf wins face-off versus Nic Dowd in Rangers zone.
11:48 of 2nd period - Arthur Kaliyev is hit by Blake Coleman and loses puck.
12:27 of 2nd period - Slapshot by Ryan Pulock.
12:27 of 2nd period - Goal by Ryan Pulock - Golden Knights : 1 - Rangers : 2.
12:28 of 2nd period - Evgeni Malkin wins face-off versus Nazem Kadri in neutral zone.
12:31 of 2nd period - Snap shot by Matthew Boldy.
12:31 of 2nd period - Stopped by Frederik Andersen with a rebound.
12:55 of 2nd period - Joel Kiviranta is hit by Tyler Motte and loses puck.
13:20 of 2nd period - Slapshot by Derek Stepan.
13:20 of 2nd period - Shot Misses the Net.
13:22 of 2nd period - Slapshot by Derek Stepan.
13:22 of 2nd period - Shot Blocked by Roope Hintz.
13:24 of 2nd period - Slapshot by Gustav Lindstrom.
13:24 of 2nd period - Stopped by Frederik Andersen without a rebound.
13:25 of 2nd period - Nazem Kadri wins face-off versus Evgeni Malkin in Rangers zone.
13:32 of 2nd period - Snap shot by Nazem Kadri.
13:32 of 2nd period - Stopped by Connor Hellebuyck with a rebound.
14:16 of 2nd period - Arthur Kaliyev is hit by Mackenzie MacEachern and loses puck.
14:23 of 2nd period - Snap shot by Joel Kiviranta.
14:23 of 2nd period - Shot Blocked by David Kampf.
14:37 of 2nd period - Wrist shot by Tyler Motte.
14:37 of 2nd period - Shot Blocked by Jaycob Megna.
14:39 of 2nd period - Snap shot by Noah Dobson.
14:39 of 2nd period - Shot Blocked by Johnathan Kovacevic.
14:41 of 2nd period - Snap shot by Dylan Samberg.
14:41 of 2nd period - Deflect By Phil Kessel.
14:41 of 2nd period - Stopped by Connor Hellebuyck with a rebound.
15:09 of 2nd period - Icing by Erik Karlsson.
15:10 of 2nd period - Chandler Stephenson wins face-off versus Nic Dowd in Rangers zone.
15:23 of 2nd period - Wrist shot by Roope Hintz.
15:23 of 2nd period - Stopped by Connor Hellebuyck with a rebound.
15:55 of 2nd period - Wrist shot by Roope Hintz.
15:55 of 2nd period - Stopped by Connor Hellebuyck without a rebound.
15:56 of 2nd period - Nazem Kadri wins face-off versus Evgeni Malkin in Golden Knights zone.
16:48 of 2nd period - Backhand shot by Nazem Kadri.
16:48 of 2nd period - Stopped by Connor Hellebuyck with a rebound.
17:07 of 2nd period - Off-side.
17:08 of 2nd period - Chandler Stephenson wins face-off versus Evgeni Malkin in neutral zone.
17:21 of 2nd period - Slapshot by Brock Boeser.
17:21 of 2nd period - Shot Blocked by Kyle Connor.
18:16 of 2nd period - Snap shot by Kyle Connor.
18:16 of 2nd period - Shot Misses the Net.
18:32 of 2nd period - Brock Boeser is hit by David Kampf and loses puck.
19:17 of 2nd period - Rasmus Andersson is hit by Johnathan Kovacevic and loses puck.
19:32 of 2nd period - Adam Ruzicka is hit by Jaycob Megna and loses puck.
Goals for this period are 1 for Golden Knights vs 2 for Rangers.
Shots for this period are 10 for Golden Knights vs 13 for Rangers.

3rd period


0:01 of 3rd period - Nazem Kadri wins face-off versus Evgeni Malkin in neutral zone.
0:16 of 3rd period - Snap shot by Brock Boeser.
0:16 of 3rd period - Shot Misses the Net.
0:32 of 3rd period - Icing by Jaycob Megna.
0:33 of 3rd period - Ondrej Palat wins face-off versus Chandler Stephenson in Golden Knights zone.
0:46 of 3rd period - Wrist shot by Roope Hintz.
0:46 of 3rd period - Stopped by Connor Hellebuyck without a rebound.
0:47 of 3rd period - Evgeni Malkin wins face-off versus Nazem Kadri in Golden Knights zone.
1:13 of 3rd period - Icing by Carter Verhaeghe.
1:14 of 3rd period - Nic Dowd wins face-off versus Nazem Kadri in Rangers zone.
1:49 of 3rd period - Minor Penalty to Blake Coleman for High sticking.
1:50 of 3rd period - Chandler Stephenson wins face-off versus Jake Evans in Golden Knights zone.
2:10 of 3rd period - Chandler Stephenson is hit by Brock Boeser and loses puck.
3:49 of 3rd period - Penalty to Blake Coleman is over, Blake Coleman is back on ice.
5:08 of 3rd period - Adam Boqvist is hit by Rasmus Andersson and loses puck.
5:58 of 3rd period - David Kampf is hit by Johnathan Kovacevic.
6:34 of 3rd period - David Kampf is hit by Gustav Lindstrom and loses puck.
6:41 of 3rd period - Wrist shot by Mackenzie MacEachern.
6:41 of 3rd period - Shot Misses the Net.
7:03 of 3rd period - Alexander Barabanov is hit by Evgeni Malkin and loses puck.
7:18 of 3rd period - Jaycob Megna is hit by Dylan Samberg and loses puck.
7:35 of 3rd period - Mackenzie MacEachern is hit by Chandler Stephenson.
8:07 of 3rd period - Nazem Kadri is hit by Evgeni Malkin.
8:41 of 3rd period - Nic Dowd is hit by Adam Pelech and loses puck.
8:52 of 3rd period - Adam Boqvist is hit by Tyler Motte and loses puck.
8:59 of 3rd period - Snap shot by Adam Ruzicka.
8:59 of 3rd period - Shot Blocked by Ondrej Palat.
9:05 of 3rd period - Ondrej Palat is hit by Tyler Motte and loses puck.
9:21 of 3rd period - Icing by Jaycob Megna.
9:22 of 3rd period - Chandler Stephenson wins face-off versus Blake Coleman in Golden Knights zone.
9:29 of 3rd period - Wrist shot by Kyle Connor.
9:29 of 3rd period - Stopped by Connor Hellebuyck with a rebound.
9:31 of 3rd period - Slapshot by Rasmus Andersson.
9:31 of 3rd period - Stopped by Connor Hellebuyck with a rebound.
9:43 of 3rd period - Snap shot by Ondrej Palat.
9:43 of 3rd period - Shot Misses the Net.
9:45 of 3rd period - Wrist shot by Ondrej Palat.
9:45 of 3rd period - Shot Blocked by Dylan Samberg.
9:47 of 3rd period - Snap shot by Nic Dowd.
9:47 of 3rd period - Shot Blocked by Kyle Connor.
9:59 of 3rd period - Snap shot by Ondrej Palat.
9:59 of 3rd period - Stopped by Frederik Andersen with a rebound.
10:01 of 3rd period - Wrist shot by Nic Dowd.
10:01 of 3rd period - Stopped by Frederik Andersen without a rebound.
10:02 of 3rd period - Nazem Kadri wins face-off versus Evgeni Malkin in Rangers zone.
10:39 of 3rd period - Slapshot by Erik Karlsson.
10:39 of 3rd period - Shot Misses the Net.
10:41 of 3rd period - Slapshot by David Kampf.
10:41 of 3rd period - Stopped by Connor Hellebuyck without a rebound.
10:42 of 3rd period - Jake Evans wins face-off versus Kyle Connor in Golden Knights zone.
11:34 of 3rd period - Icing by Nick Leddy.
11:35 of 3rd period - Nazem Kadri wins face-off versus Joel Kiviranta in Golden Knights zone.
11:38 of 3rd period - Wrist shot by Alexander Barabanov.
11:38 of 3rd period - Shot Misses the Net.
12:03 of 3rd period - Wrist shot by Mackenzie MacEachern.
12:03 of 3rd period - Shot Misses the Net.
12:05 of 3rd period - Snap shot by Joel Kiviranta.
12:05 of 3rd period - Stopped by Frederik Andersen without a rebound.
12:06 of 3rd period - Philip Tomasino wins face-off versus Evgeni Malkin in Rangers zone.
12:55 of 3rd period - Jacob Bryson is hit by Alexander Barabanov and loses puck.
13:10 of 3rd period - Adam Boqvist is hit by Alexander Barabanov and loses puck.
13:22 of 3rd period - Wrist shot by Alexander Barabanov.
13:22 of 3rd period - Shot Misses the Net.
13:24 of 3rd period - Slapshot by Nazem Kadri.
13:24 of 3rd period - Stopped by Connor Hellebuyck with a rebound.
13:26 of 3rd period - Slapshot by Dylan Samberg.
13:26 of 3rd period - Deflect By Matthew Boldy.
13:26 of 3rd period - Stopped by Connor Hellebuyck without a rebound.
13:27 of 3rd period - Chandler Stephenson wins face-off versus Nic Dowd in Golden Knights zone.
13:56 of 3rd period - Wrist shot by Arthur Kaliyev.
13:56 of 3rd period - Shot Misses the Net.
13:58 of 3rd period - Slapshot by Dylan Samberg.
13:58 of 3rd period - Shot Blocked by Derek Stepan.
14:00 of 3rd period - Snap shot by David Kampf.
14:00 of 3rd period - Shot Blocked by Tyler Johnson.
14:02 of 3rd period - Slapshot by Noah Dobson.
14:02 of 3rd period - Stopped by Connor Hellebuyck without a rebound.
14:03 of 3rd period - David Kampf wins face-off versus Evgeni Malkin in Golden Knights zone.
14:35 of 3rd period - Icing by Kyle Connor.
14:36 of 3rd period - Chandler Stephenson wins face-off versus Nic Dowd in Rangers zone.
14:45 of 3rd period - Snap shot by Chandler Stephenson.
14:45 of 3rd period - Stopped by Connor Hellebuyck without a rebound.
14:46 of 3rd period - Evgeni Malkin wins face-off versus Nazem Kadri in Golden Knights zone.
14:51 of 3rd period - Slapshot by Evgeni Malkin.
14:51 of 3rd period - Stopped by Frederik Andersen without a rebound.
14:52 of 3rd period - Evgeni Malkin wins face-off versus Nazem Kadri in Rangers zone.
15:21 of 3rd period - Snap shot by Philip Tomasino.
15:21 of 3rd period - Stopped by Connor Hellebuyck with a rebound.
15:23 of 3rd period - Slapshot by David Kampf.
15:23 of 3rd period - Stopped by Connor Hellebuyck without a rebound.
15:24 of 3rd period - Brock Boeser wins face-off versus David Kampf in Golden Knights zone.
15:47 of 3rd period - Ondrej Palat is hit by Philip Tomasino.
16:19 of 3rd period - Ryan Pulock is hit by Adam Pelech and loses puck.
16:51 of 3rd period - Snap shot by Roope Hintz.
16:51 of 3rd period - Shot Misses the Net.
17:02 of 3rd period - Icing by Nick Leddy.
17:03 of 3rd period - Nazem Kadri wins face-off versus Derek Stepan in Golden Knights zone.
17:10 of 3rd period - Wrist shot by Nazem Kadri.
17:10 of 3rd period - Shot Misses the Net.
17:33 of 3rd period - Snap shot by Tyler Johnson.
17:33 of 3rd period - Goal by Tyler Johnson - Golden Knights : 2 - Rangers : 2.
17:34 of 3rd period - Evgeni Malkin wins face-off versus David Kampf in neutral zone.
17:47 of 3rd period - Snap shot by Brock Boeser.
17:47 of 3rd period - Shot Misses the Net.
17:59 of 3rd period - Nic Dowd is hit by Kyle Connor and loses puck.
19:18 of 3rd period - Icing by Rasmus Andersson.
19:19 of 3rd period - Evgeni Malkin wins face-off versus Chandler Stephenson in Rangers zone.
19:24 of 3rd period - Wrist shot by Brock Boeser.
19:24 of 3rd period - Shot Misses the Net.
Goals for this period are 1 for Golden Knights vs 0 for Rangers.
Shots for this period are 5 for Golden Knights vs 10 for Rangers.

Overtime #1


0:01 of 1st overtime period - Nazem Kadri wins face-off versus Evgeni Malkin in neutral zone.
0:12 of 1st overtime period - Wrist shot by Matthew Boldy.
0:12 of 1st overtime period - Deflect By Evgeni Malkin.
0:12 of 1st overtime period - Shot Blocked by Nazem Kadri.
0:12 of 1st overtime period - Puck is out of play.
0:13 of 1st overtime period - Nazem Kadri wins face-off versus Evgeni Malkin in Rangers zone.
1:23 of 1st overtime period - Off-side.
1:24 of 1st overtime period - Nic Dowd wins face-off versus Nazem Kadri in neutral zone.
1:42 of 1st overtime period - Nazem Kadri is hit by Blake Coleman.
2:06 of 1st overtime period - Snap shot by Nic Dowd.
2:06 of 1st overtime period - Shot Blocked by Carter Verhaeghe.
2:08 of 1st overtime period - Wrist shot by Blake Coleman.
2:08 of 1st overtime period - Shot Misses the Net.
2:10 of 1st overtime period - Slapshot by Adam Boqvist.
2:10 of 1st overtime period - Shot Blocked by Carter Verhaeghe.
2:16 of 1st overtime period - Slapshot by Blake Coleman.
2:16 of 1st overtime period - Stopped by Frederik Andersen with a rebound.
2:18 of 1st overtime period - Slapshot by Adam Boqvist.
2:18 of 1st overtime period - Stopped by Frederik Andersen with a rebound.
2:20 of 1st overtime period - Slapshot by Nic Dowd.
2:20 of 1st overtime period - Shot Misses the Net.
2:22 of 1st overtime period - Slapshot by Adam Boqvist.
2:22 of 1st overtime period - Stopped by Frederik Andersen with a rebound.
2:24 of 1st overtime period - Snap shot by Nic Dowd.
2:24 of 1st overtime period - Deflect By Blake Coleman.
2:24 of 1st overtime period - Stopped by Frederik Andersen without a rebound.
2:25 of 1st overtime period - Evgeni Malkin wins face-off versus Nazem Kadri in Rangers zone.
2:28 of 1st overtime period - Wrist shot by Brock Boeser.
2:28 of 1st overtime period - Shot Misses the Net.
2:30 of 1st overtime period - Snap shot by Evgeni Malkin.
2:30 of 1st overtime period - Deflect By Brock Boeser.
2:30 of 1st overtime period - Stopped by Frederik Andersen without a rebound.
2:31 of 1st overtime period - Nazem Kadri wins face-off versus Evgeni Malkin in Rangers zone.
Goals for this period are 0 for Golden Knights vs 0 for Rangers.
Shots for this period are 5 for Golden Knights vs 0 for Rangers.

ShootOut


5:00 of 1st overtime period - Round #1.
5:00 of 1st overtime period - Golden Knights, Evgeni Malkin.
5:00 of 1st overtime period - Wrist shot by Evgeni Malkin.
5:00 of 1st overtime period - Stopped by Frederik Andersen.
5:00 of 1st overtime period - Rangers, Nazem Kadri.
5:00 of 1st overtime period - Deke by Nazem Kadri.
5:00 of 1st overtime period - Shot Misses the Net.
5:00 of 1st overtime period - Round #2.
5:00 of 1st overtime period - Golden Knights, Brock Boeser.
5:00 of 1st overtime period - Deke by Brock Boeser.
5:00 of 1st overtime period - Stopped by Frederik Andersen.
5:00 of 1st overtime period - Rangers, Roope Hintz.
5:00 of 1st overtime period - Backhand shot by Roope Hintz.
5:00 of 1st overtime period - Stopped by Connor Hellebuyck.
5:00 of 1st overtime period - Round #3.
5:00 of 1st overtime period - Golden Knights, Matthew Boldy.
5:00 of 1st overtime period - Snap shot by Matthew Boldy.
5:00 of 1st overtime period - Shot Misses the Net.
5:00 of 1st overtime period - Rangers, David Kampf.
5:00 of 1st overtime period - Snap shot by David Kampf.
5:00 of 1st overtime period - Stopped by Connor Hellebuyck.
5:00 of 1st overtime period - Round #4.
5:00 of 1st overtime period - Golden Knights, Tyler Johnson.
5:00 of 1st overtime period - Deke by Tyler Johnson.
5:00 of 1st overtime period - Stopped by Frederik Andersen.
5:00 of 1st overtime period - Rangers, Kyle Connor.
5:00 of 1st overtime period - Deke by Kyle Connor.
5:00 of 1st overtime period - Goal by Kyle Connor.